 Dungeon Crawl Stone Soup version 0.19.0-19-g8c6edcc (webtiles) character file.

47898 mopl the Unseen (level 14, -6/61 HPs)
             Began as a Felid Enchanter on Nov 14, 2016.
             Was a High Priest of Sif Muna.
             Killed from afar by Haldmier's ghost (13 damage)
             ... with a zap
             ... on level 1 of the Elven Halls on Nov 15, 2016.
             The game lasted 01:47:12 (34795 turns).

mopl the Unseen (Felid Enchanter)                  Turns: 34795, Time: 01:47:13

Health: -6/61      AC:  5    Str:  4    XL:     14   Next: 10%
Magic:  25/25      EV: 27    Int: 18    God:    Sif Muna [*****.]
Gold:   1524       SH:  2    Dex: 20    Spells: 11 memorised, 3 levels left
                                        Lives:  0   Deaths: 4

rFire  . . .     SeeInvis +       - Unarmed
rCold  + . .     Gourm    .     (armour unavailable)
rNeg   . . .     Faith    .     (shield unavailable)
rPois  .         Spirit   .     (helmet unavailable)
rElec  .         Reflect  +     (cloak unavailable)
rCorr  .         Harm     .     (gloves unavailable)
MR     ++...                    (boots unavailable)
Stlth  +++++++...               q - +2 amulet of reflection
                                c - +2 ring of evasion
                                H - +2 ring of protection

@: repel missiles, quick
A: no armour, no weapons or thrown items, stealth, claws 1, fangs 3, see
invisible, carnivore 3, speed 1, shaggy fur 3, slow metabolism 1, sharp paws
a: Divine Energy, Channel Magic, Forget Spell, Renounce Religion


You were on level 1 of the Elven Halls.
You worshipped Sif Muna.
Sif Muna was extremely pleased with you.
You were completely stuffed.

You visited 5 branches of the dungeon, and saw 25 of its levels.
You also visited: Sewer, Ossuary and Volcano.

You collected 2411 gold pieces.
You spent 887 gold pieces at shops.

Inventory:

Jewellery
 c - a +2 ring of evasion (right paw)
 q - a +2 amulet of reflection (around neck)
 H - a +2 ring of protection (left paw)
Wands
 d - a wand of lightning (5/15)
 m - a wand of teleportation (5/9)
 x - a wand of polymorph (14/24)
 A - a wand of iceblast (8/15)
 G - a wand of slowing (24/48)
 I - a wand of iceblast (3/15)
 K - a wand of flame (24/48)
 M - a wand of acid (9/15)
 R - a wand of digging (21/24)
 T - a wand of lightning (4/15)
 X - a wand of paralysis (16/24)
 Y - a wand of acid (4/15)
Scrolls
 e - 11 scrolls of remove curse
 g - 7 scrolls of teleportation {!r}
 h - a scroll of fog
 p - 6 scrolls of fear
 r - 2 scrolls of blinking
 s - a scroll of amnesia
 y - 5 scrolls of magic mapping
 z - 3 scrolls of identify
 D - 2 scrolls of silence {!r}
 J - a scroll of recharging
 S - 2 scrolls of vulnerability
 V - a scroll of immolation {!r}
 Z - a scroll of summoning
Potions
 f - 5 potions of flight
 i - 4 potions of ambrosia
 j - 2 potions of berserk rage {!q}
 k - a potion of brilliance
 l - 3 potions of heal wounds
 o - 7 potions of agility
 t - 17 potions of curing
 u - 8 potions of might
 w - 3 potions of cancellation
 C - 4 potions of haste
 F - 2 potions of lignification {!q}
Comestibles
 b - 6 meat rations
 E - a slice of pizza
 P - a beef jerky


   Skills:
 + Level 7.4 Fighting
 - Level 8.9 Dodging
 - Level 17.2 Stealth
 * Level 13.1 Unarmed Combat
 * Level 7.0 Spellcasting
 - Level 5.0 Conjurations
 - Level 16.0 Hexes
 - Level 5.0 Charms
 - Level 3.0 Necromancy
 - Level 5.0 Translocations
 * Level 6.1 Transmutations
 - Level 5.0 Ice Magic
 - Level 5.0 Air Magic
 * Level 2.8 Earth Magic
 - Level 8.0 Invocations


You had 3 spell levels left.
You knew the following spells:

 Your Spells              Type           Power        Failure   Level  Hunger
a - Confusing Touch       Hex            ######       0%          1    None
b - Ensorcelled Hibernat  Hex/Ice        #####.       1%          2    None
c - Confuse               Hex            ######..     1%          3    ##.....
d - Tukima's Dance        Hex            ######..     1%          3    ##.....
e - Corona                Hex            ######.      0%          1    None
f - Apportation           Tloc           ###.......   1%          1    None
g - Dazzling Spray        Conj/Hex       #####.       1%          3    ##.....
i - Repel Missiles        Chrm/Air       ###...       1%          2    None
p - Passwall              Tmut/Erth      ###.......   2%          2    None
x - Animate Skeleton      Necr           N/A          3%          1    None
y - Yara's Violent Unrav  Hex/Tmut       #####.....   3%          5    #####..


Dungeon Overview and Level Annotations

Branches:
Dungeon (15/15)            Temple (1/1) D:4            Lair (6/6) D:10
  Swamp (0/4) Lair:2       Spider (0/4) Lair:4        Slime (0/5) Lair:6
    Orc (2/2) D:12            Elf (1/3) Orc:2        Vaults (0/5) D:13
 Depths (0/5) D:15

Altars:
Ashenzari
Cheibriados
Dithmenos
Elyvilon
Fedhas
Gozag
Kikubaaqudgha
Makhleb
Okawaru
Qazlal
Sif Muna
Yredelemnul
Zin
Beogh
Jiyva

Shops:
D:7 *!   D:8 ?   D:12 ([   D:14 =   Orc:1 *   Orc:2 **[=

Portals:
Trove: D:15 (give 15 scrolls of teleportation)

Annotations:
D:7 exclusion: oklob plant
Lair:6 exclusion: 3 oklob plants
Elf:1 Haldmier's ghost, adept HESk


Innate Abilities, Weirdness & Mutations

You cannot wear armour.
You are incapable of wielding weapons or throwing items.
Your paws allow you to move quietly. (Stealth)
You have sharp claws.
You have razor-sharp teeth.
You have supernaturally acute eyesight. (SInv)
You are carnivorous and can eat meat at any time.
You cover ground quickly.
Your thick and shaggy fur keeps you warm. (AC +3, rC+)
You have a slow metabolism.
Your sharp claws are effective at attacking unaware monsters.


Message History

The air elemental hits you but does no damage. x2
You hit the air elemental but do no damage.
You feel less woody. The air elemental misses you.
The air elemental closely misses you.
You claw the air elemental!
The air elemental is heavily damaged.
Haldmier's ghost seems less confused.
The air elemental hits you. The air elemental hits you!
Haldmier's ghost screams, "Don't try to defend!
You have no chance!"
Haldmier's ghost points at you and mumbles some strange words.
The zap hits you! The air elemental hits you!
* * * LOW HITPOINT WARNING * * *
Haldmier's ghost casts a spell.
Haldmier's ghost's wounds begin to heal before your eyes!
The air elemental misses you.
Haldmier's ghost gestures at you while chanting.
The zap hits the air elemental.
The air elemental completely resists.
The zap hits you!
You die...

### ...... .. ... . ..#
....... .....# .# #.###.##.##.
##.##.# #.# .......#.....
.....# #.. ..##...####.#.
#.##.# #.#
............#.##.##W##.#
.##.....## #.......#.#
.##.....# ###..E##.#
.##.....## #.@.#..#
.........######...#..##
.#..#.#..##...........##
....#..................#####
.#)###.#.##...?.......#.#...#
.#........###.#...#.###.......
.###.#.##.# #.#...#...........
## #.#.##.# #.#...#.#.........
#.#.##.###.#...#)#.........


You could see an air elemental and Haldmier's ghost.

Vanquished Creatures
  Frances (D:12)
  Gastronok (Orc:1)
  A dire elephant (Lair:6)
  Snorg (D:12)
  An ogre mage (D:13)
  Erolcha (D:9)
  A catoblepas (Lair:3)
  6 hydras
  A merfolk avatar (Lair:6)
  7 centaur warriors
  A dancing weapon (Elf:1)
  Erica (Lair:2)
  A death knight (D:11)
  The ghost of BorisBritva the Spear-Bearer, a novice DsGl of Makhleb (D:9)
  An orc high priest (Orc:2)
  4 deep elf knights (Elf:1)
  5 skeletal warriors
  A sea snake (Lair:6)
  3 unseen horrors
  A phantasmal warrior (D:11)
  5 hill giants
  Pikel (D:5)
  6 orc knights
  4 harpies (Lair:6)
  3 manticores
  An orc sorcerer (Orc:1)
  10 deep elf magi
  A wolf spider (D:13)
  4 ugly things
  4 cyclopes
  7 elephants
  2 centaur zombies
  5 black mambas
  2 gargoyles
  A torpor snail (Lair:5)
  A kobold demonologist (D:13)
  5 rime drakes
  19 spiny frogs
  A freezing wraith (D:11)
  4 yaktaurs (D:13)
  15 komodo dragons
  10 trolls
  2 jumping spiders (Lair:4)
  The ghost of Nordron the Chopper, an amateur MiGl (D:4)
  7 polar bears
  12 blink frogs
  5 hornets
  6 two-headed ogres
  20 slime creatures
  8 hippogriffs
  10 spriggans
  A water elemental (D:15)
  2 redbacks (Lair:4)
  35 yaks
  5 fire bats (Volcano)
  6 wraiths
  3 wyverns
  A basilisk (Lair:3)
  Eustachio (D:6)
  3 vampire mosquitoes (D:12)
  2 hungry ghosts
  Grum (D:9)
  3 mottled dragons
  6 swamp worms (Lair:2)
  5 wargs
  7 water moccasins
  4 porcupines
  Duvessa (D:7)
  43 orc warriors
  An ice beast (D:7)
  Purgy (Sewer)
  3 slaves (D:5)
  2 sky beasts
  9 ogres
  3 phantoms
  A hornet zombie (D:12)
  3 eyes of draining
  A black bear (D:5)
  3 boggarts (Lair:4)
  21 centaurs
  11 wolves
  20 crocodiles
  4 big kobolds
  18 bullfrogs
  2 gnoll sergeants
  Dowan (D:7)
  A water moccasin skeleton (D:8)
  3 scorpions
  4 killer bees (D:13)
  11 wights
  2 electric eels (Lair:2)
  2 howler monkeys
  7 lava snakes (Volcano)
  5 crimson imps
  2 quasits (D:14)
  29 orc wizards
  15 orc priests
  7 hounds
  6 centaur skeletons
  4 jellies
  3 bullfrog skeletons
  7 iguanas
  10 hell rats (Lair:2)
  4 worker ants
  3 hound skeletons
  A mummy (D:5)
  10 gnolls
  A howler monkey skeleton (D:7)
  10 river rats (Lair:2)
  7 adders
  3 shadow imps
  2 oozes (Lair:6)
  2 adder zombies
  An adder skeleton (D:6)
  3 worms (D:2)
  4 dart slugs
  8 leopard geckos
  97 orcs
  2 ball pythons
  5 bats
  5 giant cockroaches
  3 goblins
  4 hobgoblins
  15 jackals
  4 quokkas
  3 ball python skeletons (Ossuary)
  7 frilled lizards
  A giant cockroach zombie (D:6)
  2 hobgoblin skeletons (Ossuary)
  2 hobgoblin zombies
  2 jackal zombies
  33 kobolds
  2 kobold zombies
  A leopard gecko skeleton (D:4)
  2 leopard gecko zombies
  An orc skeleton (Ossuary)
  2 quokka zombies
  20 rats
845 creatures vanquished.

Vanquished Creatures (collateral kills)
  A komodo dragon (Lair:6)
  A two-headed ogre (D:13)
  3 orc warriors
  2 ogres
  A wight (D:6)
  A gnoll (D:4)
  3 orcs
12 creatures vanquished.

Vanquished Creatures (others)
  5 dancing weapons
  A centaur (D:13)
  6 fungi
  16 plants
28 creatures vanquished.

Grand Total: 885 creatures vanquished

Notes
Turn   | Place    | Note
-------+----------+-------------------------------------------
     0 | D:1      | mopl the Felid Enchanter began the quest for the Orb.
     0 | D:1      | Reached XP level 1. HP: 7/7 MP: 4/4
   182 | D:1      | Reached XP level 2. HP: 10/11 MP: 6/6
   213 | D:1      | Learned a level 2 spell: Ensorcelled Hibernation
   578 | D:1      | Reached skill level 2 in Unarmed Combat
   713 | D:1      | Reached XP level 3. HP: 14/14 MP: 7/7
   718 | D:1      | Learned a level 3 spell: Tukima's Dance
  1156 | D:2      | Found an iron altar of Okawaru.
  1343 | D:3      | Reached skill level 5 in Hexes
  1601 | D:3      | Reached XP level 4. HP: 18/18 MP: 8/8
  1709 | D:3      | Reached skill level 5 in Stealth
  1979 | D:4      | Found a staircase to the Ecumenical Temple.
  1993 | Temple   | Entered the Ecumenical Temple
  2000 | Temple   | Became a worshipper of Sif Muna the Loreminder
  2240 | D:4      | Noticed Nordron's ghost (amateur MiGl)
  2257 | D:4      | Reached XP level 5. HP: 16/21 MP: 4/9
  2259 | D:4      | HP: 1/21 [orc/flail (8)]
  2325 | D:4      | Reached skill level 3 in Unarmed Combat
  2325 | D:4      | Reached skill level 1 in Ice Magic
  2380 | D:4      | Found a white marble altar of Elyvilon.
  2384 | D:4      | Noticed a phantom
  2564 | D:4      | Found a glowing drain.
  2572 | Sewer    | Entered a sewer
  2627 | Sewer    | Noticed Purgy
  2633 | Sewer    | Learned a level 3 spell: Confuse
  2655 | Sewer    | Killed Purgy
  2655 | Sewer    | Reached skill level 6 in Stealth
  2655 | Sewer    | Reached skill level 6 in Hexes
  2655 | Sewer    | Gained mutation: You are covered in thick fur. (AC +2) [Felid growth]
  2655 | Sewer    | Reached XP level 6. HP: 24/24 MP: 2/11
  3465 | D:5      | Entered Level 5 of the Dungeon
  3624 | D:5      | Noticed a slave
  3626 | D:5      | Noticed a slave
  3744 | D:5      | Noticed a slave
  3745 | D:5      | Noticed Pikel
  3798 | D:5      | Found a sand-covered staircase.
  3807 | Ossuary  | Entered an ossuary
  3862 | Ossuary  | Reached skill level 3 in Spellcasting
  3878 | Ossuary  | Reached * piety under Sif Muna
  3878 | Ossuary  | Reached skill level 7 in Hexes
  3878 | Ossuary  | Reached XP level 7. HP: 27/27 MP: 12/12
  3883 | Ossuary  | Learned a level 3 spell: Dazzling Spray
  3906 | Ossuary  | Noticed a flying skull
  3906 | Ossuary  | Noticed a wraith
  3917 | Ossuary  | Noticed a wraith
  3940 | Ossuary  | Killed a wraith
  3940 | Ossuary  | Reached skill level 7 in Stealth
  3940 | Ossuary  | Reached skill level 4 in Unarmed Combat
  3940 | Ossuary  | Reached skill level 2 in Ice Magic
  3947 | Ossuary  | Noticed a flying skull
  3982 | Ossuary  | Noticed a flying skull
  3983 | Ossuary  | Noticed a flying skull
  3988 | Ossuary  | Noticed a wraith
  4470 | D:5      | Killed Pikel
  4470 | D:5      | Reached skill level 8 in Stealth
  4470 | D:5      | Reached skill level 5 in Unarmed Combat
  4470 | D:5      | Reached skill level 1 in Conjurations
  4470 | D:5      | Reached skill level 8 in Hexes
  4470 | D:5      | Reached XP level 8. HP: 24/31 MP: 6/13
  4502 | D:5      | Found a deep blue altar of Sif Muna.
  4576 | D:5      | Identified Sif Muna's Reference Book on Air
  4846 | D:6      | Reached skill level 9 in Hexes
  4846 | D:6      | Reached skill level 3 in Ice Magic
  4908 | D:6      | Reached skill level 2 in Conjurations
  5065 | D:6      | Reached skill level 9 in Stealth
  5065 | D:6      | Reached skill level 1 in Invocations
  5355 | D:6      | Reached ** piety under Sif Muna
  5428 | D:6      | Learned a level 1 spell: Confusing Touch
  5456 | D:6      | Noticed Eustachio
  5462 | D:6      | Killed Eustachio
  5462 | D:6      | Reached skill level 6 in Unarmed Combat
  5462 | D:6      | Reached XP level 9. HP: 34/34 MP: 11/14
  6241 | D:7      | Reached skill level 2 in Invocations
  6263 | D:7      | Found Tejym's General Store.
  6266 | D:7      | Bought 2 potions of curing for 66 gold pieces
  6266 | D:7      | Bought a scroll of teleportation for 33 gold pieces
  6309 | D:7      | Noticed Duvessa
  6311 | D:7      | Noticed Dowan
  6318 | D:7      | Killed Duvessa
  6325 | D:7      | Killed Dowan
  6325 | D:7      | Reached skill level 10 in Stealth
  6440 | D:7      | Found Eshafy's Distillery.
  6456 | D:7      | Bought a potion of lignification for 30 gold pieces
  6456 | D:7      | Bought a potion of invisibility for 80 gold pieces
  6456 | D:7      | Bought a potion of might for 40 gold pieces
  6495 | D:7      | Reached skill level 3 in Conjurations
  6495 | D:7      | Reached skill level 10 in Hexes
  6864 | D:7      | You fall through a shaft!
  6968 | D:7      | Found a stormy altar of Qazlal.
  6968 | D:7      | Noticed an oklob plant
  7172 | D:9      | Noticed BorisBritva's ghost (novice DsGl)
  7219 | D:8      | Found an ancient bone altar of Kikubaaqudgha.
  7489 | D:8      | Reached skill level 7 in Unarmed Combat
  7715 | D:8      | Found Munucwye's Magic Scroll Emporium.
  7731 | D:8      | Bought a scroll of blinking for 90 gold pieces
  8067 | D:8      | Reached skill level 3 in Invocations
  8329 | D:4      | Killed Nordron's ghost
  8329 | D:4      | Reached skill level 11 in Stealth
  8462 | D:4      | Reached XP level 10. HP: 29/37 MP: 14/16
  8465 | D:4      | Learned a level 1 spell: Apportation
  8467 | D:4      | Learned a level 1 spell: Animate Skeleton
  8607 | D:9      | Noticed an unseen horror
  8616 | D:9      | Killed an unseen horror
  8616 | D:9      | Reached skill level 11 in Hexes
  8933 | D:9      | Reached *** piety under Sif Muna
  9075 | D:9      | Killed BorisBritva's ghost
  9075 | D:9      | Reached skill level 4 in Spellcasting
  9165 | D:9      | Noticed Erolcha
  9181 | D:9      | Killed Erolcha
  9181 | D:9      | Reached skill level 1 in Fighting
  9181 | D:9      | Reached skill level 3 in Dodging
  9181 | D:9      | Reached skill level 8 in Unarmed Combat
  9181 | D:9      | Reached skill level 4 in Invocations
  9262 | D:7      | Bought a potion of agility for 40 gold pieces
  9377 | D:9      | Noticed Grum
  9385 | D:9      | Reached skill level 12 in Stealth
  9404 | D:9      | Killed Grum
  9889 | D:10     | Entered Level 10 of the Dungeon
  9936 | D:10     | Learned a level 2 spell: Repel Missiles
  9962 | D:10     | Noticed a hill giant
  9963 | D:10     | Reached skill level 12 in Hexes
  9974 | D:10     | Killed a hill giant
  9974 | D:10     | Reached skill level 2 in Fighting
 10039 | D:10     | Found a snail-covered altar of Cheibriados.
 10307 | D:10     | Reached XP level 11. HP: 22/43 MP: 14/18
 10505 | D:10     | Reached skill level 4 in Dodging
 10521 | D:10     | Found a staircase to the Lair.
 10786 | D:11     | Noticed a green ugly thing
 10792 | D:11     | Killed a green ugly thing
 10799 | D:11     | Reached **** piety under Sif Muna
 10802 | D:11     | Reached skill level 9 in Unarmed Combat
 11154 | D:11     | Noticed an unseen horror
 11171 | D:11     | Killed an unseen horror
 11392 | D:11     | Noticed a death knight
 11400 | D:11     | Noticed a phantasmal warrior
 11538 | Lair:1   | Entered Level 1 of the Lair of Beasts
 11571 | Lair:1   | Reached skill level 13 in Stealth
 11622 | Lair:1   | Reached skill level 3 in Fighting
 11622 | Lair:1   | Reached skill level 13 in Hexes
 11656 | Lair:1   | Reached skill level 5 in Invocations
 11724 | Lair:1   | Reached skill level 5 in Dodging
 11793 | Lair:1   | Found a dark tunnel.
 11802 | Volcano  | Entered a volcano
 11857 | Volcano  | HP: 2/45 [fire bat (9)]
 11861 | Volcano  | Killed from afar by a lava snake
 11862 | Volcano  | Reached XP level 10. HP: -21/42 MP: 13/17
 12707 | Volcano  | Noticed a hell knight
 12729 | Volcano  | Found a radiant altar of Vehumet.
 12729 | Volcano  | Noticed an ogre mage
 12729 | Volcano  | Noticed a molten gargoyle
 12734 | Volcano  | Slain by an ogre mage
 12735 | Volcano  | Reached XP level 9. HP: 0/38 MP: 14/16
 12792 | Lair:1   | Killed a spiny frog
 12955 | Lair:1   | Reached XP level 10. HP: 42/42 MP: 14/17
 13272 | Lair:1   | Noticed a black mamba
 13280 | Lair:1   | Killed a black mamba
 13332 | Lair:1   | Noticed a spiny frog
 13335 | Lair:1   | Reached skill level 4 in Fighting
 13337 | Lair:1   | Killed a spiny frog
 13368 | Lair:1   | Reached skill level 10 in Unarmed Combat
 13614 | Lair:2   | Noticed Erica
 13647 | Lair:2   | Killed Erica
 14214 | Lair:2   | HP: 1/43 [swamp worm (4)]
 14401 | D:8      | Bought a scroll of fear for 42 gold pieces
 14401 | D:8      | Bought 2 scrolls of amnesia for 84 gold pieces
 14401 | D:8      | Bought a scroll of blinking for 90 gold pieces
 14401 | D:8      | Bought a scroll of identify for 24 gold pieces
 14401 | D:8      | Bought a scroll of identify for 24 gold pieces
 14401 | D:8      | Bought a scroll of teleportation for 36 gold pieces
 14401 | D:8      | Bought a scroll of identify for 24 gold pieces
 14401 | D:8      | Bought a scroll of identify for 24 gold pieces
 14402 | D:8      | Identified a scroll of acquirement
 14557 | Lair:1   | Noticed a spiny frog
 14563 | Lair:1   | Killed a spiny frog
 14563 | Lair:1   | Reached skill level 6 in Dodging
 14673 | Lair:2   | Noticed a spiny frog
 14677 | Lair:2   | Reached skill level 14 in Stealth
 14682 | Lair:2   | Killed a spiny frog
 14711 | Lair:2   | Reached XP level 11. HP: 46/46 MP: 11/18
 14971 | Lair:2   | Found a shadowy altar of Dithmenos.
 15107 | Lair:2   | Found a staircase to the Swamp.
 15161 | Lair:2   | Reached skill level 1 in Translocations
 15411 | Lair:2   | Reached skill level 1 in Charms
 15728 | Lair:3   | Noticed an eight-headed hydra
 15742 | Lair:2   | Reached skill level 2 in Charms
 15744 | Lair:2   | Reached skill level 1 in Necromancy
 15851 | Lair:3   | Reached skill level 14 in Hexes
 15856 | Lair:3   | Reached ***** piety under Sif Muna
 15856 | Lair:3   | Identified Qovet's Handbook of Quantum Malediction (Sif Muna gifted it to you on level 3 of the Lair of Beasts)
 15856 | Lair:3   | Received a gift from Sif Muna
 16021 | Lair:3   | Noticed a catoblepas
 16028 | Lair:3   | Killed a catoblepas
 16028 | Lair:3   | Reached skill level 2 in Translocations
 16028 | Lair:3   | Reached skill level 1 in Air Magic
 16028 | Lair:3   | Reached skill level 6 in Invocations
 16257 | Lair:3   | Noticed a six-headed hydra
 16265 | Lair:3   | Killed a six-headed hydra
 16265 | Lair:3   | Reached skill level 2 in Necromancy
 16270 | Lair:3   | Killed an eight-headed hydra
 16649 | Lair:4   | Reached skill level 3 in Translocations
 16649 | Lair:4   | Reached skill level 2 in Air Magic
 16669 | Lair:4   | Found a hole to the Spider Nest.
 16678 | Lair:4   | Gained mutation: Your thick and shaggy fur keeps you warm. (AC +3, rC+) [Felid growth]
 16678 | Lair:4   | Reached XP level 12. HP: 51/51 MP: 14/19
 17226 | Lair:4   | Reached skill level 5 in Fighting
 17234 | Lair:4   | Noticed a four-headed hydra
 17249 | Lair:4   | Killed a four-headed hydra
 17249 | Lair:4   | Reached skill level 3 in Charms
 17808 | Lair:4   | Reached skill level 4 in Ice Magic
 17818 | Lair:4   | Reached skill level 4 in Translocations
 18019 | Lair:4   | Reached skill level 11 in Unarmed Combat
 18715 | Lair:5   | Reached skill level 3 in Necromancy
 18727 | Lair:5   | Reached skill level 15 in Stealth
 18759 | Lair:5   | Reached skill level 7 in Dodging
 18895 | Lair:5   | Noticed a five-headed hydra
 18910 | Lair:5   | Reached skill level 4 in Charms
 18925 | Lair:5   | Killed a five-headed hydra
 19171 | Lair:6   | Entered Level 6 of the Lair of Beasts
 19295 | Lair:6   | Reached XP level 13. HP: 54/55 MP: 11/20
 19389 | Lair:6   | Reached skill level 15 in Hexes
 19419 | Lair:5   | HP: 2/55 [poisoned by a sea snake]
 19427 | Lair:5   | HP: 2/55 [poisoned by a sea snake]
 19665 | Lair:5   | Received a gift from Sif Muna
 19793 | Lair:6   | Reached skill level 7 in Invocations
 19973 | Lair:6   | Found a runed door.
 19975 | Lair:6   | Found a viscous altar of Jiyva.
 19980 | Lair:6   | Found a staircase to the Slime Pits.
 20539 | Lair:6   | Reached skill level 3 in Air Magic
 20584 | Lair:6   | Noticed a dire elephant
 21021 | Lair:6   | Killed a dire elephant
 21253 | Lair:6   | Reached skill level 5 in Translocations
 21608 | Lair:6   | Reached skill level 4 in Conjurations
 21680 | Lair:6   | Reached skill level 5 in Charms
 22833 | D:11     | Reached skill level 5 in Ice Magic
 23722 | D:12     | Reached skill level 6 in Fighting
 23725 | D:12     | Reached skill level 12 in Unarmed Combat
 23727 | D:12     | Reached skill level 8 in Dodging
 23729 | D:12     | Reached XP level 14. HP: 60/60 MP: 18/21
 23760 | D:12     | Noticed Snorg
 23766 | D:12     | Noticed Frances
 23785 | D:12     | Found a staircase to the Orcish Mines.
 23785 | D:12     | Found Oneikh's Armour Emporium.
 23786 | D:12     | Found Cianod's Weapon Emporium.
 24218 | D:12     | Reached skill level 16 in Stealth
 24428 | D:12     | Found an opulent altar of Gozag.
 24776 | D:12     | Identified Sif Muna's Compendium of Fetching Creation (Sif Muna gifted it to you on level 12 of the Dungeon)
 24776 | D:12     | Received a gift from Sif Muna
 25083 | D:12     | Killed Snorg
 26207 | Orc:1    | Entered Level 1 of the Orcish Mines
 26246 | Orc:1    | Found Iguege's Assorted Antiques.
 26256 | Orc:1    | Noticed Gastronok
 26760 | Orc:1    | Killed Gastronok
 26760 | Orc:1    | Reached skill level 4 in Air Magic
 26951 | Orc:1    | Bought a potion of heal wounds for 160 gold pieces
 27014 | Orc:2    | Entered Level 2 of the Orcish Mines
 27222 | Orc:2    | Learned a level 5 spell: Yara's Violent Unravelling
 27364 | Orc:1    | Found a roughly hewn altar of Beogh.
 27646 | Orc:1    | Reached skill level 5 in Spellcasting
 27995 | Orc:2    | Reached skill level 5 in Conjurations
 28013 | Orc:2    | Reached skill level 1 in Transmutations
 28021 | Orc:2    | Shot with a bolt by an orc warrior
 28022 | Orc:2    | Reached XP level 13. HP: -10/56 MP: 6/21
 28811 | Orc:2    | Reached skill level 8 in Invocations
 29239 | Orc:2    | Found a staircase to the Elven Halls.
 29559 | Orc:2    | Found Fityu's Assorted Antiques.
 29559 | Orc:2    | Found Heumilukk's Armour Boutique.
 29561 | Orc:2    | Found Gosepp's Jewellery Shop.
 30033 | Orc:2    | Found Toadinaek's General Store.
 30234 | D:12     | Killed Frances
 30234 | D:12     | Reached skill level 2 in Transmutations
 30577 | D:13     | Reached skill level 17 in Stealth
 30616 | D:13     | Received a gift from Sif Muna
 30616 | D:13     | Reached XP level 14. HP: 60/60 MP: 21/23
 30660 | D:13     | Found a blossoming altar of Fedhas.
 30716 | D:13     | Reached skill level 3 in Transmutations
 31564 | D:13     | Reached skill level 7 in Fighting
 31575 | D:13     | Reached skill level 4 in Transmutations
 31837 | D:13     | Found a gate to the Vaults.
 32102 | D:13     | Learned a level 2 spell: Passwall
 32122 | D:13     | Reached skill level 16 in Hexes
 32466 | D:14     | Reached skill level 5 in Air Magic
 32623 | D:14     | Reached skill level 6 in Spellcasting
 32906 | D:14     | Reached skill level 1 in Earth Magic
 32984 | D:14     | Reached skill level 5 in Transmutations
 33314 | D:14     | Identified Sif Muna's Grimoire of Feathers (Sif Muna gifted it to you on level 14 of the Dungeon)
 33314 | D:14     | Received a gift from Sif Muna
 33421 | D:14     | Found Angear's Jewellery Boutique.
 33646 | D:14     | Reached skill level 2 in Earth Magic
 33709 | D:15     | Entered Level 15 of the Dungeon
 33768 | D:15     | Slain by a cyan ugly thing
 33769 | D:15     | Reached XP level 13. HP: -2/57 MP: 21/23
 33769 | D:15     | Found a staircase to the Depths.
 33769 | D:15     | Noticed a fire giant
 33803 | D:15     | Reached skill level 13 in Unarmed Combat
 33845 | D:15     | Found a portal to a secret trove of treasure.
 34265 | Elf:1    | Entered Level 1 of the Elven Halls
 34460 | Elf:1    | Reached XP level 14. HP: 61/61 MP: 22/25
 34496 | Elf:1    | Reached skill level 7 in Spellcasting
 34496 | Elf:1    | Reached skill level 6 in Transmutations
 34780 | Elf:1    | Noticed Haldmier's ghost (adept HESk)
 34795 | Elf:1    | Killed from afar by Haldmier's ghost

Skill      XL: |  1  2  3  4  5  6  7  8  9 10 11 12 13 14 |
---------------+-------------------------------------------+-----
Unarmed Combat | 2 3 5 6 7 10 9 11 13 | 13.1
Hexes          | 5 6 7 8 9 10 12 14 15 16 | 16.0
Stealth        | 5 6 8 9 11 14 13 15 17 16 | 17.2
Ice Magic      | 1 2 3 4 5 |  5.0
Spellcasting   | 3 4 7 |  7.0
Conjurations   | 1 2 3 4 5 |  5.0
Invocations    | 1 3 4 6 8 |  8.0
Fighting       | 4 3 5 6 7 |  7.4
Dodging        | 6 5 7 8 |  8.9
Translocations | 3 4 5 |  5.0
Charms         | 2 4 5 |  5.0
Necromancy     | 2 3 |  3.0
Air Magic      | 2 3 5 |  5.0
Transmutations | 2 6 |  6.1
Earth Magic    | 2 |  2.8

Action                   |  1- 3 |  4- 6 |  7- 9 | 10-12 | 13-15 || total
-------------------------+-------+-------+-------+-------+-------++-------
Melee: Unarmed           |    99 |   109 |   288 |   509 |  1130 ||  2135
       Bite              |     9 |     8 |    26 |    23 |   108 ||   174
       Punch             |       |       |     7 |    16 |    53 ||    76
 Cast: Corona            |     3 |     1 |     1 |       |       ||     5
       Ensorcelled Hiber |    18 |    22 |    52 |   241 |   361 ||   694
       Confuse           |       |     4 |    16 |    17 |    22 ||    59
       Tukima's Dance    |       |     4 |     7 |     5 |    14 ||    30
       Confusing Touch   |       |       |     4 |    22 |    73 ||    99
       Repel Missiles    |       |       |       |     3 |     7 ||    10
       Animate Skeleton  |       |       |       |     3 |     2 ||     5
       Dazzling Spray    |       |       |       |       |     6 ||     6
       Passwall          |       |       |       |       |     5 ||     5
       Yara's Violent Un |       |       |       |       |     6 ||     6
       Apportation       |       |       |       |       |     2 ||     2
Evoke: Wand              |       |       |       |     2 |     1 ||     3
  Use: Potion            |     1 |       |     1 |     6 |     1 ||     9
       Scroll            |       |     5 |     6 |    16 |     9 ||    36
 Stab: Sleeping          |    26 |    32 |    57 |   162 |   231 ||   508
       Confused          |       |     7 |    12 |    22 |    76 ||   117
       Distracted        |       |       |     1 |     5 |     5 ||    11
       Invisible         |       |       |       |     2 |       ||     2
  Eat: Chunk             |    10 |     2 |    17 |    31 |    55 ||   115
Armor: Skin              |     6 |       |     9 |    17 |    59 ||    91
Dodge: Dodged            |    80 |    73 |   163 |   422 |  1018 ||  1756
       Deflected         |       |       |       |     3 |    27 ||    30
Block: Other             |       |       |       |       |    69 ||    69
       Reflection        |       |       |       |       |     6 ||     6
